 Dungeon Crawl Stone Soup version 0.31-a0-237-g2d982f9f85 (webtiles) character file.

Game seed: 3324758581508752276

107 qw the Shooter (level 4, -3/36 HPs)
             Began as a Minotaur Hexslinger on July 10, 2023.
             Slain by Terence
             ... wielding a +5 falchion of holy wrath
              (5 damage)
             ... on level 3 of the Dungeon.
             The game lasted 00:00:46 (1672 turns).

qw the Shooter (Minotaur Hexslinger)                Turns: 1672, Time: 00:00:46

Health: -3/36      AC:  8    Str: 20    XL:     4   Next: 57%
Magic:  4/4        EV: 11    Int:  8    God:
Gold:   105        SH:  0    Dex: 13    Spells: 4/5 levels left

rFire   + . .        Y - +1 sling
rCold   . . .        (no shield)
rNeg    . . .        e - +0 ring mail
rPois   .            (helmet restricted)
rElec   .            (no cloak)
rCorr   .            (no gloves)
SInv    .            (no boots)
Will    +....        (no amulet)
Stlth   +            b - ring of willpower
HPRegen 0.26/turn    i - ring of protection from fire
MPRegen 0.09/turn

%: no passive effects
@: about to teleport
A: horns 2, retaliatory headbutt, iridescent scales 1, shaggy fur 1, strong 2
a: no special abilities


You were on level 3 of the Dungeon.
You visited 1 branch of the dungeon, and saw 3 of its levels.

You collected 105 gold pieces.


Innate Abilities, Weirdness & Mutations

You have a pair of horns on your head.
You reflexively headbutt those who attack you in melee.
You are partially covered in iridescent scales. (AC +2)
You are covered in fur. (AC +1)
Your muscles are very strong. (Str +8, Int/Dex -2)


   Skills:
 + Level 2.2 Fighting
 - Level 5.0 Ranged Weapons
 - Level 2.1 Dodging
 - Level 1.0 Spellcasting
 - Level 2.0 Hexes


You had 4 spell levels left.
You knew the following spells:

 Your Spells              Type           Power      Damage    Failure   Level
a - Slow                  Hex            12%        N/A       30%         1

Your spell library contained the following spells:

 Spells                   Type           Power      Damage    Failure   Level
 Inner Flame              Hex/Fire       2%         N/A       80%         3
 Portal Projectile        Hex/Tloc       4%         N/A       80%         3
 Cause Fear               Hex            1%         N/A       96%         4

Inventory:

Hand Weapons
 Y - a +1 sling (weapon)
Armour
 e - a +0 ring mail (worn)
Jewellery
 b - a ring of willpower (left hand)
 i - a ring of protection from fire (right hand)
Potions
 c - a potion of curing {unknown}
 d - 2 potions of mutation
 f - a potion of enlightenment {unknown}
 g - a potion of might {unknown}

Dungeon Overview and Level Annotations

Branches:
Dungeon (3/15)

Altars:

Shops:
D:1 *   D:2 [

Annotations:
D:3 Grinder, Terence


Message History

You now have 105 gold pieces (gained 10).
Terence the Incautious comes into view.
He is wielding a +5 falchion of holy wrath.
Terence shouts!
Grinder comes into view.
Terence drinks a potion.
Terence seems to speed up.
Enter note: You shoot a sling bullet.
The sling bullet closely misses Terence.
The sling bullet closely misses Grinder.
Grinder shouts!
You shoot a sling bullet.
The sling bullet hits Terence but does no damage.
You shoot a sling bullet. The sling bullet hits Terence.
Terence is moderately wounded.
You shoot a sling bullet. The sling bullet barely misses Terence.
Terence misses you. Terence shouts, "Now you die!"
Terence hits you but does no damage.
Grinder drinks a potion.
Grinder seems to speed up.
You shoot a sling bullet. The sling bullet barely misses Terence.
Terence hits you with a +5 falchion of holy wrath. x2
Grinder blinks!
You shoot a sling bullet.
The sling bullet completely misses Terence.
Terence hits you with a +5 falchion of holy wrath!
Terence hits you with a +5 falchion of holy wrath.
Grinder blinks!
You shoot a sling bullet. The sling bullet hits Terence.
Terence is heavily wounded.
Terence hits you with a +5 falchion of holy wrath!
Terence asks, "Do you want it fast or slow?"
Terence hits you with a +5 falchion of holy wrath.
1672 ||| READING scroll of teleportation.
As you read the scroll of teleportation, it crumbles to dust.
You feel strangely unstable.
Terence hits you with a +5 falchion of holy wrath.
Grinder gestures at you. You resist with some effort.
Terence hits you with a +5 falchion of holy wrath.
You die...

#. #..##.# #.#
#.###..##.# #.#
..#.........#######.#
..........#####...##.###
...###.5..........##....
...##....######...#####.
.........# ##.## #.
.........# #.# #.
......@@.# ##.## #.
...##...## ##...## #. #.
##.## #.....####. . #.
#........). #.
#.....##### #. ##...##
#. ##### #.


You could see Grinder (fast) and Terence (fast).

Vanquished Creatures
  Natasha (D:3)
  2 adders
  A worm (D:2)
  A dart slug (D:1)
  5 ball pythons
  2 endoplasms (D:1)
  A giant cockroach (D:1)
  7 goblins
  8 hobgoblins
  8 kobolds
  3 quokkas
  4 bats
  5 frilled lizards
  10 rats
58 creatures vanquished.

Notes
Turn   | Place    | Note
-------+----------+-------------------------------------------
     0 | D:1      | qw the Minotaur Hexslinger began the quest for the Orb.
     0 | D:1      | Reached XP level 1. HP: 16/16 MP: 1/1
     0 | D:1      | 0 ||| qw: Version: 0.3-a-52-g30416fa
     0 | D:1      | 0 ||| qw: Game counter: 5011
     0 | D:1      | 0 ||| qw: Melee chars always use a shield: true
     0 | D:1      | 0 ||| qw: God list: Okawaru
     0 | D:1      | 0 ||| qw: Allow faded altars: false
     0 | D:1      | 0 ||| qw: Do Orc after clearing Dungeon:15 true
     0 | D:1      | 0 ||| qw: Do second Lair branch before Depths: true
     0 | D:1      | 0 ||| qw: Lair rune preference: random
     0 | D:1      | 0 ||| qw: Goals: Normal
     0 | D:1      | 0 ||| PLANNING D:1-11
    62 | D:1      | Reached skill level 3 in Ranged Weapons
    62 | D:1      | Reached XP level 2. HP: 21/23 MP: 2/2
    62 | D:1      | HP: 5/23 [rat (1)]
    70 | D:1      | 70 ||| FLEEEEING.
    71 | D:1      | 71 ||| FLEEEEING.
    72 | D:1      | 72 ||| FLEEEEING.
   183 | D:1      | 183 ||| FLEEEEING.
   273 | D:1      | Found Nustrusia's General Store.
   282 | D:1      | 282 ||| SHOPLISTING +0 pair of gloves (63 gold, have 16).
   282 | D:1      | 282 ||| SHOPLISTING scroll of enchant armour (105 gold,
                  | have 16).
   282 | D:1      | 282 ||| SHOPLISTING scroll of identify (28 gold, have 16).
   330 | D:1      | Reached XP level 3. HP: 29/29 MP: 3/3
   543 | D:1      | 543 ||| UPGRADING to +0 leather armour.
   553 | D:1      | 553 ||| DROPPING +0 robe.
   554 | D:1      | 554 ||| READING scroll labelled RIUSSO QUROYF.
   555 | D:1      | 555 ||| DRINKING 3 smoky puce potions.
   555 | D:1      | Gained mutation: Your muscles are strong. (Str +4, Int/Dex
                  | -1) [potion of mutation]
   555 | D:1      | Gained mutation: Your muscles are very strong. (Str +8,
                  | Int/Dex -2) [potion of mutation]
   555 | D:1      | Gained mutation: You are covered in fur. (AC +1) [potion of
                  | mutation]
   555 | D:1      | Gained mutation: You are partially covered in iridescent
                  | scales. (AC +2) [potion of mutation]
   556 | D:1      | 556 ||| DROPPING scroll of poison.
   781 | D:2      | Reached skill level 4 in Ranged Weapons
  1212 | D:2      | Found Ruza's Armour Shop.
  1218 | D:2      | 1218 ||| SHOPLISTING +1 robe of fire resistance (152 gold,
                  | have 95).
  1430 | D:2      | 1430 ||| UPGRADING to +0 ring mail.
  1440 | D:2      | 1440 ||| DROPPING +0 leather armour.
  1441 | D:2      | 1441 ||| UPGRADING to ring of willpower.
  1442 | D:2      | 1442 ||| DROPPING ring of flight.
  1443 | D:2      | 1443 ||| UPGRADING to ring of protection from fire.
  1444 | D:2      | 1444 ||| READING 2 scrolls labelled GORUOF FEERR.
  1448 | D:2      | 1448 ||| READING scroll labelled AWNEG YPSI DITSE.
  1449 | D:2      | 1449 ||| READING scroll labelled ECWIHY NAEBB.
  1506 | D:3      | Noticed Natasha
  1515 | D:3      | Killed Natasha
  1516 | D:3      | Reached XP level 4. HP: 31/36 MP: 4/4
  1543 | D:3      | Reached skill level 5 in Ranged Weapons
  1545 | D:3      | Found a faded altar of an unknown god.
  1664 | D:3      | Noticed Terence
  1664 | D:3      | Noticed Grinder
  1671 | D:3      | HP: 8/36 [Terence/+5 falchion of holy wrath (11)]
  1672 | D:3      | 1672 ||| READING scroll of teleportation.
  1672 | D:3      | HP: 2/36 [Terence/+5 falchion of holy wrath (3)]
  1672 | D:3      | Slain by Terence

Levels and vault maps discovered:
D:1:      psy_arrival_spokes, layout_rooms, serial_shops, shop
D:2:      layout_basic, serial_shops, shop_statue, serial_rivers,
          chequers_serial_rivers_micro_e, chequers_serial_rivers_marsh,
          chequers_serial_rivers_micro_c, chequers_serial_rivers_small_b,
          minmay_misc_feat_x
D:3:      layout_loops_ring, hellmonk_ecumenical_altar_prayer_group, uniq_robin,
          uniq_grinder, uniq_terence, uniq_natasha

Skill      XL: |  1  2  3  4 |
---------------+-------------+-----
Ranged Weapons | 3 4 5 |  5.0
Fighting       | 2 |  2.2
Dodging        | |  2.1
Spellcasting   | |  1.0
Hexes          | |  2.0

Action                     |  1- 3 |  4- 6 || total
---------------------------+-------+-------++-------
   Fire: Sling             |   137 |    35 ||   172
    Use: Scroll            |     4 |     1 ||     5
         Potion            |     1 |       ||     1
 Armour: Robe              |     5 |       ||     5
         Ring mail         |     4 |    10 ||    14
         Leather armour    |     4 |       ||     4
  Dodge: Dodged            |    38 |    11 ||    49

Table legend:
 A = Non-vault XP
 B = Vault XP
 C = Vault XP percentage of total XP
 D = Non-vault monster count
 E = Vault monster count
 F = Vault count percentage of total count
                 A         B        C        D         E       F
            +---------+---------+-------+---------+---------+-------
      Total |     115 |      39 |  25.3 |      55 |       3 |   5.2
            +---------+---------+-------+---------+---------+-------
        D:1 |      55 |       0 |   0.0 |      33 |       0 |   0.0
        D:2 |      34 |       0 |   0.0 |      13 |       0 |   0.0
        D:3 |      26 |      39 |  60.0 |       9 |       3 |  25.0
            +---------+---------+-------+---------+---------+-------
